AoeStats
← CasquetE

Pilgrims

509257553Analyzed
4v4 RM · 8d ago on Sep 26, 2026· 43m 13s· 8 players
Game mode
Random Map
Map size
Large (8 player)
Population
200
Speed
Normal
Resources
Standard
Victory
Conquest
Starting age
Dark Age
Ending age
Imperial Age
RankedLock teamsTeams togetherTeam positionsShared explorationLock speedFull tech treeHidden civsTurbo modeCheats
Victory
Defeat
🇨🇱 Saxons · Chile
1176
+14
🇨🇦 Britons · Canada
1137
+16
🇨🇳 Danes · China
1128
+16
🇲🇽 Saracens · Mexico
1015
+20
🇨🇱 Varangians · Chile
1206
-20
🇦🇷 Koreans · Argentina
1136
-17
🇦🇷 Vikings · Argentina
1123
-16
🇦🇷 Spanish · Argentina
1041
-13
Gitu
11:25 Loom
13:17 Feudal Age
14:01 Double-Bit Axe
14:09 Man-at-Arms
16:54 Forging
18:28 Arson
19:36 Scale Mail Armor
19:19 Horse Collar
19:32 Gold Mining
24:29 Castle Age
26:58 Long Swordsman
27:39 Squires
31:31 Stone Mining
32:18 Gold Shaft Mining
33:44 Heavy Plow
33:56 Bow Saw
34:46 Iron Casting
35:34 Chieftains
36:03 Pikeman
38:43 Chieftains
VZ | Thyrfing
4:20 Loom
13:49 Feudal Age
14:53 Fishing Lines
16:25 Double-Bit Axe
17:42 Wheelbarrow
24:16 Castle Age
23:56 Fletching
24:33 Padded Archer Armor
24:42 Scale Barding Armor
24:48 Forging
25:17 Bodkin Arrow
26:23 Bloodlines
Cuervo
6:15 Loom
13:26 Feudal Age
23:46 Castle Age
22:37 Fletching
24:07 Crossbowman
27:58 Double-Bit Axe
29:48 Thumb Ring
30:41 Bodkin Arrow
30:33 Elite Skirmisher
32:01 Gold Mining
39:18 Wheelbarrow
40:00 Horse Collar
41:19 Heavy Plow
CasquetE
4:55 Loom
13:23 Feudal Age
19:53 Fletching
28:05 Castle Age
Philippe6390
3:54 Loom
10:46 Feudal Age
11:30 Fishing Lines
17:07 Fletching
19:51 Castle Age
18:46 Gold Mining
20:34 Wheelbarrow
29:08 Double-Bit Axe
30:05 Pikeman
31:49 Scale Mail Armor
32:57 Padded Archer Armor
35:07 Forging
37:26 Chain Mail Armor
39:21 Iron Casting
43:55 Imperial Age
42:19 Bodkin Arrow
43:09 Bow Saw
42:43 Horse Collar
JP 2
3:52 Loom
11:40 Feudal Age
12:09 Double-Bit Axe
15:59 Fletching
22:44 Castle Age
20:58 Horse Collar
21:09 Gold Mining
23:40 Medium Warships
23:26 Bodkin Arrow
26:53 Careening
27:48 Wheelbarrow
26:59 Town Watch
29:29 Forging
33:00 Imperial Age
30:37 Scale Mail Armor
31:52 Iron Casting
32:19 Chain Mail Armor
32:05 Squires
31:51 Arson
34:33 Plate Mail Armor
36:49 Bracer
36:49 Padded Archer Armor
39:18 Leather Archer Armor
40:05 Chemistry
41:34 Ring Archer Armor
41:49 Bow Saw
41:39 Heavy Plow
42:38 Gold Shaft Mining
Roxhelll
8:00 Loom
8:32 Loom
17:18 Feudal Age
24:08 Man-at-Arms
24:35 Arson
35:53 Castle Age
34:09 Horse Collar
34:41 Scale Mail Armor
36:47 Gold Mining
36:48 Stone Mining
38:03 Heavy Plow
38:19 Forging
38:16 Scale Barding Armor
37:58 Long Swordsman
38:24 Gambesons
41:13 Husbandry
41:24 Bloodlines
zijing
10:49 Feudal Age
10:55 Feudal Age
12:00 Double-Bit Axe
15:10 Castle Age
13:27 Loom
13:51 Fletching
17:55 Bodkin Arrow
19:04 Wheelbarrow
19:12 Bow Saw
20:18 Husbandry
20:56 Hand Cart
23:45 Ballistics
24:42 Horse Collar
25:47 Padded Archer Armor
26:50 Thumb Ring
27:31 Leather Archer Armor
28:36 Gold Mining
31:39 Gold Shaft Mining
32:28 Stone Mining
35:12 Imperial Age
34:11 Town Watch
36:04 Stone Shaft Mining
35:55 Heavy Mounted Crossbowman
35:56 Cranequins
36:40 Bracer
37:42 Chemistry
36:49 Siege Engineers
37:57 Ring Archer Armor
38:14 Town Patrol
Connection lost

Rejoining the realm…

Still unreachable

The connection could not be restored.

Session expired

The server has moved on; the page needs a fresh start.